 Dungeon Crawl Stone Soup version 0.30-a0-721-ga6a225cb13 (webtiles) character file.

Game seed: 2548134227878712702

1775478 Flugkiller the Slayer (level 26, 207/207 HPs)
             Began as an Octopode Delver on Jan 26, 2023.
             Was the Champion of Cheibriados.
             Escaped with the Orb
             ... and 3 runes on Jan 27, 2023!
             The game lasted 01:35:19 (59522 turns).

Flugkiller the Slayer (Octopode Delver)            Turns: 59522, Time: 01:35:19

Health: 207/207    AC: 15    Str: 28    XL:     26   Next: 95%
Magic:  25/34      EV: 53    Int: 27    God:    Cheibriados [******]
Gold:   4429       SH: 36    Dex: 53    Spells: 32/47 levels left

rFire   + + .      SeeInvis .    o - +9 double sword (protect)
rCold   + + .      Faith    +    B - +6 tower shield
rNeg    + . .      Spirit   .    b - +2 hat "Apydich" {rCorr Str-4 Dex+4}
rPois   +          Reflect  .    c - amulet "Myggecocw" {Faith -Tele rC+ Will++ Regen+}
rElec   +          Harm     .    l - ring of Skepticism {rElec rPois Slay+3}
rCorr   +          Rampage  .    p - +4 ring of protection
Will    +++..      NoTele   +    F - +4 ring of protection
Stlth   +++                      P - ring "Vafew" {rPois rC+ rN+ Int-4}
HPRegen 1.34/turn                j - +4 ring of slaying
MPRegen 0.24/turn                E - +6 ring of dexterity
                                 N - +6 ring of dexterity
                                 R - ring of Uskayaw's Condemnation {rF++ Int+6 Slay+2}

@: very slow
A: almost no armour, amphibious, 8 rings, camouflage 1, gelatinous body 1,
(nimble swimmer 1), tentacles, tentacle spike 1, iridescent scales 2, dopey 1,
low MP 1, strong 1, inability to drink after injury 1, devolution 1
0: Orb of Zot
}: 3/15 runes: decaying, serpentine, silver
a: Renounce Religion, Bend Time, Temporal Distortion, Slouch, Step From Time


You escaped.
You worshipped Cheibriados.
Cheibriados was exalted by your worship.
You visited 8 branches of the dungeon, and saw 44 of its levels.
You visited 1 bazaar.
You also visited: Trove, Ice Cave and Volcano.

You collected 6752 gold pieces.
You spent 2323 gold pieces at shops.

Inventory:

Hand Weapons
 o - a +9 double sword of protection (weapon)
   (You acquired it on level 7 of the Dungeon)
Missiles
 G - 3 throwing nets
Armour
 b - the +2 hat "Apydich" (worn) {rCorr Str-4 Dex+4}
   (You found it in a treasure trove)

   Str:       It affects your strength (-4).
   Dex:       It affects your dexterity (+4).
   rCorr:     It protects you from acid and corrosion.
 B - a +6 tower shield (worn)
   (You found it on level 3 of the Lair of Beasts)
Jewellery
 a - an amulet of reflection
   (You found it on level 2 of the Dungeon)
 c - the amulet "Myggecocw" (around mantle) {Faith -Tele rC+ Will++ Regen+}
   (You took it off a deep elf demonologist on level 5 of the Vaults)

   [amulet of faith]

   It allows you to gain divine favour quickly.
   rC:        It protects you from cold.
   -Tele:     It prevents most forms of teleportation.
   Regen:     It increases your rate of health regeneration.
   Will:      It greatly increases your willpower.
 f - a ring of protection from fire
   (You took it off a yaktaur on level 2 of the Vaults)
 i - a ring of see invisible
   (You found it on level 4 of the Lair of Beasts)
 j - a +4 ring of slaying (on tentacle)
   (You found it on level 2 of the Realm of Zot)
 l - the ring of Skepticism (left tentacle) {rElec rPois Slay+3}
   (You found it in a treasure trove)

   [ring of poison resistance]

   Slay:      It affects your accuracy & damage with ranged weapons and melee
   (+3).
   rElec:     It insulates you from electricity.
   rPois:     It protects you from poison.
 m - a ring of willpower
   (You found it on level 3 of the Lair of Beasts)
 p - a +4 ring of protection (right tentacle)
   (You took it off a gnoll on level 4 of the Dungeon)
 E - a +6 ring of dexterity (on tentacle)
   (You found it on level 4 of the Swamp)
 F - a +4 ring of protection (on tentacle)
   (You found it on level 6 of the Dungeon)
 N - a +6 ring of dexterity (on tentacle)
   (You found it on level 1 of the Snake Pit)
 O - a ring of willpower
   (You found it on level 3 of the Depths)
 P - the ring "Vafew" (on tentacle) {rPois rC+ rN+ Int-4}
   (You found it on level 3 of the Lair of Beasts)

   [ring of positive energy]

   Int:       It affects your intelligence (-4).
   rC:        It protects you from cold.
   rPois:     It protects you from poison.
   rN:        It protects you from negative energy.
 R - the ring of Uskayaw's Condemnation (on tentacle) {rF++ Int+6 Slay+2}
   (You took it off a naga on level 1 of the Snake Pit)

   [ring of intelligence]

   Int:       It affects your intelligence (+6).
   Slay:      It affects your accuracy & damage with ranged weapons and melee
   (+2).
   rF:        It greatly protects you from fire.
 W - a ring of wizardry
   (You found it on level 3 of the Depths)
Wands
 y - a wand of mindburst (31)
   (You found it on level 11 of the Dungeon)
 A - a wand of digging (10)
 D - a wand of roots (48)
   (You took it off an orc on level 6 of the Dungeon)
 K - a wand of light (18)
   (You found it on level 1 of the Lair of Beasts)
 Y - a wand of paralysis (58)
   (You found it on level 1 of the Orcish Mines)
Scrolls
 k - 10 scrolls of fog
 r - 24 scrolls of identify
 s - 3 scrolls of magic mapping
 t - 18 scrolls of teleportation
 u - 8 scrolls of fear
 x - a scroll of summoning
 z - 9 scrolls of blinking
 C - 5 scrolls of vulnerability
 S - 2 scrolls of silence
 T - 7 scrolls of immolation
 V - 2 scrolls of torment
Potions
 d - 2 potions of might
 g - 16 potions of flight
 h - a potion of ambrosia
 n - 5 potions of resistance
 q - 16 potions of curing
 v - 9 potions of attraction
 w - 5 potions of heal wounds
 H - 4 potions of brilliance
 L - 5 potions of cancellation
 M - a potion of mutation
 Q - 3 potions of invisibility
Miscellaneous
 e - a box of beasts
   (You found it in a treasure trove)
 I - a phantom mirror
   (You found it on level 1 of the Lair of Beasts)
 U - a lightning rod (4/4)
   (You found it on level 11 of the Dungeon)
 X - a tin of tremorstones (2/2)
   (You found it on level 4 of the Realm of Zot)
 Z - a condenser vane
   (You found it in an ice cave)


   Skills:
 + Level 24.1 Fighting
 - Level 2.0(10.5) Short Blades
 - Level 15.9(16.0) Long Blades
 + Level 20.2 Dodging
 - Level 6.6 Stealth
 - Level 15.0 Shields
 - Level 11.0 Spellcasting
 - Level 10.0 Conjurations
 - Level 11.0 Translocations
 - Level 10.0 Transmutations
 - Level 7.0 Air Magic
 - Level 12.0 Invocations
 - Level 20.0 Evocations


You had 32 spell levels left.
You knew the following spells:

 Your Spells              Type           Power      Damage    Failure   Level
a - Manifold Assault      Tloc           65%        N/A       1%          4
b - Vhi's Electric Charg  Tloc/Air       100%       N/A       1%          3
i - Irradiate             Conj/Tmut      31%        3d22      6%          5
q - Apportation           Tloc           100%       N/A       1%          1
r - Blink                 Tloc           100%       N/A       1%          2

Your spell library contained the following spells:

 Spells                   Type           Power      Damage    Failure   Level
 Kiss of Death            Conj/Necr      100%       2d13      1%          1
 Shock                    Conj/Air       100%       1d9       1%          1
 Sting                    Tmut/Pois      100%       1d8       1%          1
 Lesser Beckoning         Tloc           100%       N/A       1%          2
 Momentum Strike          Conj/Tloc      100%       3d10      1%          2
 Gell's Gravitas          Tloc           65%        N/A       1%          3
 Teleport Other           Tloc           65%        N/A       1%          3
 Iskenderun's Mystic Bla  Conj/Tloc      64%        2d13      1%          4
 Passage of Golubria      Tloc           65%        N/A       1%          4
 Passwall                 Tmut/Erth      34%        N/A       2%          2
 Swiftness                Air            51%        N/A       2%          3
 Kindle Blastsparks       Fire/Tloc/Air  94%        2d17      3%          3
 Poisonous Vapours        Pois/Air       66%        N/A       4%          2
 Portal Projectile        Hex/Tloc       88%        N/A       4%          3
 Hailstorm                Conj/Ice       41%        3d10      5%          3
 Spider Form              Tmut/Pois      41%        N/A       5%          3
 Blade Hands              Tmut           31%        N/A       6%          5
 Iskenderun's Battlesphe  Conj           62%        2d11      6%          5
 Airstrike                Air            25%        2d(4-20)  8%          4
 Cigotuvi's Dreadful Rot  Necr/Pois/Air  54%        N/A       9%          2
 Ignite Poison            Fire/Tmut/Pois 32%        N/A       11%         3
 Arcjolt                  Conj/Air       28%        1d38      12%         5
 Lightning Bolt           Conj/Air       28%        1d45      12%         5
 Flame Wave               Conj/Fire      41%        2d11      19%         4
 Fulminant Prism          Conj/Hex       20%        3d12      19%         4
 Sticky Flame             Conj/Fire      41%        2d6       19%         4
 Ensorcelled Hibernation  Hex/Ice        28%        N/A       22%         2
 Dispersal                Tloc           32%        N/A       24%         6
 Summon Lightning Spire   Summ/Air       33%        N/A       32%         4
 Call Canine Familiar     Summ           14%        N/A       38%         3
 Confusing Touch          Hex            14%        N/A       38%         3
 Inner Flame              Hex/Fire       14%        N/A       38%         3
 Ozocubu's Armour         Ice            14%        N/A       38%         3
 Tukima's Dance           Hex            14%        N/A       38%         3
 Summon Forest            Summ/Tloc      22%        N/A       38%         5
 Fireball                 Conj/Fire      20%        3d10      45%         5
 Yara's Violent Unravell  Hex/Tmut       20%        3d9       45%         5
 Conjure Ball Lightning   Conj/Air       28%        3x3d8     54%         6
 Dispel Undead            Necr           14%        3d10      80%         4
 Leda's Liquefaction      Hex/Erth       7%         N/A       80%         4
 Summon Ice Beast         Ice/Summ       14%        N/A       80%         4
 Dragon Form              Tmut           31%        N/A       89%         7
 Orb of Destruction       Conj           31%        9d10      89%         7
 Lee's Rapid Deconstruct  Erth           7%         3d6*      98%         5
 Metabolic Englaciation   Hex/Ice        7%         N/A       98%         5
 Summon Mana Viper        Hex/Summ       14%        N/A       98%         5
 Storm Form               Tmut/Air       28%        N/A       98%         7
 Death Channel            Necr           7%         N/A       100%        6
 Simulacrum               Ice/Necr       7%         N/A       100%        6
 Summon Cactus Giant      Summ           7%         N/A       100%        6
 Enfeeble                 Hex            7%         N/A       100%        7
 Monstrous Menagerie      Summ           7%         N/A       100%        7
 Borgnjor's Revivificati  Necr           7%         N/A       100%        8
 Disjunction              Tloc           32%        N/A       100%        8
 Maxwell's Capacitive Co  Air            25%        ∞         100%        8
 Necromutation            Tmut/Necr      20%        N/A       100%        8
 Death's Door             Necr           7%         N/A       100%        9
 Fire Storm               Conj/Fire      20%        8d5       100%        9


Dungeon Overview and Level Annotations

Branches:
Dungeon (15/15)            Temple (0/1) D:5            Lair (5/5) D:9
  Swamp (4/4) Lair:2        Snake (4/4) Lair:2        Slime (0/5) Lair:5
    Orc (2/2) D:10            Elf (0/3) Orc:2        Vaults (5/5) D:13
  Crypt (0/3) Vaults:2     Depths (4/4) D:15            Zot (5/5) Depths:4
  IceCv (visited)         Volcano (visited)

Altars:
Ashenzari
Cheibriados
Dithmenos
Gozag
Kikubaaqudgha
Makhleb
Qazlal
Ru
Sif Muna
Trog
Uskayaw
Vehumet
Xom
The Shining One
Jiyva

Shops:
D:5 [   D:9 (   D:12 *   Orc:1 *=?(   Orc:2 !:[[   Snake:1 :=:   Snake:3 [[!
Vaults:1 (   Vaults:3 (   Vaults:4 (   Depths:1 =[   Depths:2 ?(   Depths:4 *

Portals:
Hell: Depths:1 Depths:2 Depths:3 Depths:4
Abyss: Depths:2 Depths:3
Pandemonium: Depths:1 Depths:2 Depths:3
Ziggurat: Depths:3

Annotations:
D:3 3 runed translucent doors, Ijyb; MackTheKnife's ghost, amateur FoWn; bmj180's ghost, amateur GrEE; mrw0lf's ghost, amateur HOFi
D:4 2 transporters, funkygono's ghost, amateur GrFE
Lair:2 1 runed translucent door, Qeegir's ghost, journeyman HOFi
Swamp:3 1 runed translucent door, Tuenlyrph's ghost, adept SpEn
Vaults:3 2 transporters, Poyn's ghost, adept DEVM; Uquewn Suowu's ghost, veteran GnWr; initializr's ghost, adept DjCj
Zot:1 36 runed doors
Zot:5 1 exclusion


Innate Abilities, Weirdness & Mutations

You cannot wear most types of armour.
You are amphibious.
You can wear up to eight rings at the same time.
Your skin changes colour to match your surroundings (Stealth+).
Your rubbery body absorbs attacks. (AC +1, EV +1)
((You are camouflaged when in or above water. (Stealth+)))
You have tentacles for arms and can constrict up to eight enemies at once.
One of your tentacles bears a spike.
You are mostly covered in iridescent scales. (AC +4)
You are dopey. (Int -2)
Your magical capacity is low. (-10% MP)
Your muscles are strong. (Str +4, Int/Dex -1)
You occasionally lose the ability to drink potions when taking damage.
You have hidden genetic defects.


Message History

There is a stone staircase leading down here.
(D) Dungeon (T) Temple (L) Lair (S) Swamp (P) Snake Pit (M) Slime Pits (O) Orcish Mines (E) Elven Halls (V) Vaults (C) Crypt (U) Depths (H) Hell (Z) Zot
Where to? (Enter - D:1 @ (x,y), ? - help)
A rust devil comes into view.
There is a stone staircase leading up here.
You climb upwards.
There is a stone staircase leading down here.
(D) Dungeon (T) Temple (L) Lair (S) Swamp (P) Snake Pit (M) Slime Pits (O) Orcish Mines (E) Elven Halls (V) Vaults (C) Crypt (U) Depths (H) Hell (Z) Zot
Where to? (Enter - D:1 @ (x,y), ? - help)
You see here a +0 pair of boots.
There is a stone staircase leading up here.
You climb upwards.
There is a stone staircase leading down here.
There is a stone staircase leading up here.
You climb upwards.
There is a stone staircase leading down here.
A ynoxinul comes into view.
There is a stone staircase leading up here.
The ynoxinul completely misses you. You block the ynoxinul's attack.
You slice the ynoxinul!!
Your weapon exudes an aura of protection.
You kill the ynoxinul!
Cheibriados thoroughly appreciates the change of pace.
No target in view!
There is a stone staircase leading up here.
You climb upwards.
There is a stone staircase leading down here.
(D) Dungeon (T) Temple (L) Lair (S) Swamp (P) Snake Pit (M) Slime Pits (O) Orcish Mines (E) Elven Halls (V) Vaults (C) Crypt (U) Depths (H) Hell (Z) Zot
Where to? (Enter - D:1 @ (x,y), ? - help)
There is a stone staircase leading up here.
You climb upwards.
There is a stone staircase leading down here.
There is a stone staircase leading up, spattered with blood here.
You see here a +0 whip.
You climb upwards.
There is a stone staircase leading down here.
There is a stone staircase leading up here.
You climb upwards.
There is a stone staircase leading down here.
Things that are here:
a +2 falchion of holy wrath; a +0 war axe; a +0 halberd
There is a stone staircase leading up here.
You climb upwards.
There is a stone staircase leading down here.
There is a stone staircase leading up here.
You climb upwards.
There is a stone staircase leading down here.
There is a stone staircase leading up here.
You climb upwards.
Level annotation: 2 transporters, funkygono's ghost, amateur GrFE
There is a stone staircase leading down, spattered with blood here.
There is an escape hatch in the ceiling here.
There is a stone staircase leading up here.
You climb upwards.
Level annotation: 3 runed translucent doors, Ijyb; MackTheKnife's ghost, amateur FoWn; bmj180's ghost, amateur GrEE; mrw0lf's ghost, amateur HOFi
There is a stone staircase leading down here.
Items here: ( )) [.
Things that are here:
a +0 leather armour; a +0 club
There is a stone staircase leading up here.
You climb upwards.
There is a stone staircase leading down here.
There is a stone staircase leading up here.
You climb upwards.
There is a stone staircase leading down here.
A tentacled monstrosity comes into view.
A Xeag and a red devil come into view.
Xeag shouts, "I shall feast on thy brain!"
The tentacled monstrosity moves out of view.
Xeag gestures at you.
The red devil blinks into view!
The tentacled monstrosity blinks into view!
There is an open door here.
You slice the tentacled monstrosity like a ripe choko!!!
Your weapon exudes an aura of protection.
You pierce the tentacled monstrosity.
The tentacled monstrosity is moderately wounded.
You block the red devil's attack.
The tentacled monstrosity closely misses you.
You block the tentacled monstrosity's attack. x2
The tentacled monstrosity completely misses you.
Press: ? - help, v - describe, . - travel
Here: Xeag The floor.
You fail to use your ability.
The lich completely misses you. You block the red devil's attack.
You block the tentacled monstrosity's attack. x4
You step out of the flow of time.
You return to the normal time flow.
There is a staircase leading out of the dungeon here.
Enter note: gg You have escaped!

.##.#.##.....#...................
.##.#........#....####.#.#.......
###.#.............# #.#...^.....
#.................# #.#.........
....##............####.#.........
#.#.####.4..........##.#.........
....####..X..#...##..............
#.#.......#..#.#'##..#.#.###.##..
#...####..#..#.#@##..#.#.# #.####
#.#............#'##..#.#.###.# #
#.#..(..#.#......&........##.#
>.......#.#..######..#.....#.##
#.#.....#.#..######...........###
..............................#..
#.#.......#...........#.......#..
#..#.........######...#.......#..
#..#..........#####...###........


You could see Xeag (wandering).

Vanquished Creatures
  A dread lich (Zot:5)
  5 orbs of fire
  An ancient lich (Zot:3)
  A juggernaut (Depths:2)
  Bai Suzhen (Vaults:3)
  Vv (Zot:3)
  2 Killer Klowns (Zot:5)
  A caustic shrike (Depths:3)
  2 curse toes
  15 golden dragons
  Jory (Vaults:3)
  2 bone dragons
  3 electric golems
  An iron giant (Zot:3)
  22 Orb Guardians (Zot:5)
  9 tentacled monstrosities
  A Hell Sentinel (Zot:3)
  2 Ice Fiends (IceCv)
  2 titans
  A quicksilver dragon (Zot:4)
  2 liches (Depths:3)
  A walking divine tome (Depths:3)
  10 death cobs
  6 sphinxes
  Gastronok (Lair:2)
  Frances (D:13)
  11 tengu reavers
  A thorn hunter (Swamp:4)
  20 storm dragons
  14 shadow dragons
  2 fenstrider witches
  5 draconian knights
  6 nagarajas
  25 draconian monks
  6 frost giants
  3 iron dragons
  A deep elf sorcerer (Vaults:5)
  9 fire giants
  Louise (Swamp:1)
  4 ghost moths
  16 vault wardens
  9 draconian shifters
  A balrug (Depths:3)
  8 draconian scorchers
  7 draconian annihilators
  17 ironbound preservers
  3 draconian stormcallers
  An orc warlord (Orc:1)
  5 war gargoyles (Vaults:5)
  A spriggan defender (Depths:3)
  23 stone giants
  3 deep elf demonologists (Vaults:5)
  3 ironbound thunderhulks
  2 vampire knights
  An eleionoma (Swamp:1)
  11 green draconians
  36 very ugly things
  3 bunyips
  18 dire elephants
  17 yellow draconians
  21 black draconians
  4 spark wasps
  20 red draconians
  15 purple draconians
  12 white draconians
  4 crystal guardians
  10 ettins
  Snorg (D:11)
  A deep elf death mage (Vaults:5)
  Josephine (Lair:4)
  2 shambling mangroves (Swamp:4)
  A merfolk impaler (Depths:1)
  15 fire dragons
  2 entropy weavers
  8 great orbs of eyes
  3 deep elf high priests (Vaults:5)
  11 yaktaur captains
  Fannar (D:10)
  A hell beast (Depths:3)
  4 ogre magi
  42 vault guards
  5 caustic shrike simulacra (IceCv)
  3 peacekeepers
  15 ice dragons
  7 spriggan air magi
  15 hydras
  4 salamander tyrants (Snake:4)
  3 ghost crabs
  A catoblepas (Lair:5)
  14 alligators
  2 boulder beetles
  20 two-headed ogres
  7 centaur warriors
  7 ironbound frosthearts
  4 dancing weapons (Zot:3)
  5 anacondas
  A death knight (D:10)
  Erica (Lair:2)
  17 naga warriors
  A vampire mage (Depths:1)
  6 death yaks
  Urug (Lair:1)
  5 deep troll earth magi
  7 deep troll shamans
  13 tengu warriors
  9 naga sharpshooters
  10 spriggan berserkers
  A deep elf knight (D:13)
  An orc high priest (Orc:1)
  2 soul eaters (Depths:1)
  4 shock serpents
  15 spriggans
  A sixfirhy (Zot:3)
  2 hell knights (Depths:3)
  4 salamander mystics
  A fire crab (shapeshifter) (Vaults:1)
  75 deep trolls
  9 iron trolls
  15 skeletal warriors
  3 goliath frogs
  A quicksilver dragon simulacrum (Depths:3)
  4 spriggan druids
  A spriggan simulacrum (IceCv)
  A death drake (Swamp:4)
  7 wizards
  14 swamp dragons
  7 glowing orange brains
  6 bog bodies
  2 obsidian statues (IceCv)
  5 naga ritualists
  2 necromancers
  7 orc knights
  8 lindwurms
  A deep elf zephyrmancer (D:13)
  4 mana vipers
  5 deep elf pyromancers
  17 ironbound convokers
  12 cyclopes
  A fire giant zombie (Vaults:3)
  A sphinx skeleton (Vaults:2)
  38 ugly things
  3 wolf spiders
  18 salamanders
  4 elephants (Lair:4)
  A fire giant skeleton (Vaults:2)
  19 moths of wrath
  A salamander (shapeshifter) (Vaults:5)
  8 manticores
  3 guardian serpents
  3 will-o-the-wisps
  4 molten gargoyles (D:9)
  4 rust devils
  An elephant (shapeshifter) (Vaults:5)
  20 vault sentinels
  25 black mambas
  17 naga magi
  2 frost giant skeletons (Vaults:2)
  A stone giant skeleton (Vaults:2)
  15 cane toads
  A torpor snail (Lair:4)
  2 gargoyles (D:11)
  4 centaur skeletons (D:13)
  A kobold demonologist (D:11)
  2 efreet (D:10)
  An elf skeleton (Vaults:2)
  6 orange demons
  A rime drake (Lair:4)
  2 unseen horrors
  16 komodo dragons
  A tormentor (Depths:1)
  An anaconda simulacrum (IceCv)
  A komodo dragon (shapeshifter) (Vaults:5)
  3 golden dragon simulacra (IceCv)
  5 freezing wraiths
  3 ice devils
  4 tengu conjurers
  39 yaktaurs
  A yaktaur skeleton (Vaults:2)
  9 polar bears (Lair:5)
  23 trolls
  10 tyrant leeches
  A tarantella (Vaults:3)
  15 hornets
  16 blink frogs
  4 raiju (Lair:5)
  A jumping spider (Vaults:3)
  11 dream sheep
  An ettin zombie (Vaults:3)
  A frost giant simulacrum (Vaults:3)
  37 slime creatures
  4 shadows
  A vampire (D:13)
  12 wyverns
  An ettin skeleton (Vaults:2)
  23 yaks
  2 water elementals
  8 wraiths
  2 ynoxinuls
  A yak (shapeshifter) (Vaults:1)
  7 fire bats (Volcano)
  A minotaur simulacrum (IceCv)
  3 hogs (Lair:4)
  A neqoxec (Depths:1)
  4 basilisks
  A redback (Vaults:3)
  9 vampire mosquitoes
  A warg (shapeshifter) (Vaults:5)
  3 steam dragons
  13 swamp worms
  9 wargs
  42 nagas
  A harpy simulacrum (IceCv)
  2 glowing shapeshifter skeletons
  16 hell hounds
  7 water moccasins
  5 human skeletons (Vaults:2)
  A floating eye (shapeshifter) (Vaults:5)
  A hydra simulacrum (IceCv)
  A swamp drake (shapeshifter) (Vaults:5)
  A floating eye (Depths:2)
  A swamp drake (Swamp:4)
  3 ettin simulacra (IceCv)
  2 sky beasts
  3 ice beasts
  12 black bears
  27 wolves
  26 orc warriors
  31 ogres
  4 boggarts (Vaults:2)
  A phantom (D:5)
  13 centaurs
  An elf simulacrum (Vaults:3)
  A kobold brigand (D:11)
  13 bullfrogs
  A deep troll simulacrum (IceCv)
  5 scorpions
  15 wights
  13 killer bees
  2 electric eels
  2 howler monkeys
  A lava snake (D:9)
  2 jellies
  12 orc priests
  2 gnoll boudas
  6 hounds
  3 iguanas
  21 orc wizards
  A mummy (D:5)
  12 gnolls
  12 adders
  2 river rats (Lair:3)
  2 shadow imps
  A white imp (D:5)
  An ufetubus (D:5)
  3 worms
  A worm (shapeshifter) (Vaults:5)
  3 dart slugs
  64 orcs
  5 ball pythons
  11 endoplasms
  10 goblins
  7 hobgoblins
  2 quokkas
  9 bats
  2 frilled lizards (D:2)
  13 kobolds
  3 rats
1969 creatures vanquished.

Vanquished Creatures (collateral kills)
  A hydra (Lair:1)
  A bullfrog (Lair:1)
2 creatures vanquished.

Vanquished Creatures (others)
  Kirke (Lair:4)
  A fenstrider witch (Swamp:2)
  A nagaraja (Snake:4)
  A draconian scorcher (Zot:2)
  A ghost moth (shapeshifter) (D:10)
  A draconian stormcaller (Zot:3)
  A lindwurm (Swamp:4)
  A manticore (D:10)
  A bloated husk (Swamp:2)
  4 humans (Lair:4)
  An orc (D:12)
  A bush (Lair:4)
  8 foxfires
  35 fungi
  161 plants
  4 withered plants (D:3)
223 creatures vanquished.

Grand Total: 2194 creatures vanquished

Notes
Turn   | Place    | Note
-------+----------+-------------------------------------------
     0 | D:5      | Flugkiller the Octopode Delver began the quest for the Orb.
     0 | D:5      | Reached XP level 1. HP: 16/16 MP: 1/1
    43 | D:5      | Noticed a hound
    49 | D:5      | Killed a hound
    50 | D:5      | Reached XP level 2. HP: 21/21 MP: 2/2
    50 | D:5      | Reached XP level 3. HP: 26/26 MP: 3/3
   205 | D:5      | Reached XP level 4. HP: 17/31 MP: 4/4
   396 | D:4      | Identified the +1 robe of Free Will {+Inv rF- rN+ Int+6
                  | Dex-4}
   404 | D:4      | Noticed an ogre
   404 | D:4      | Noticed funkygono's ghost (amateur GrFE)
   405 | D:4      | Found a transporter.
   429 | D:4      | HP: 1/31 [gnoll/+0 spear (7)]
   569 | D:4      | Found a transporter.
   579 | D:4      | Reached skill level 5 in Dodging
   583 | D:4      | Reached XP level 5. HP: 31/36 MP: 5/5
  1021 | D:3      | Found a shadowy altar of Dithmenos.
  1057 | D:3      | Reached skill level 4 in Fighting
  1079 | D:3      | Noticed Ijyb
  1846 | D:1      | Reached XP level 6. HP: 43/43 MP: 6/6
  2782 | D:3      | Noticed an orc warrior
  2797 | D:3      | Killed an orc warrior
  3100 | D:3      | Found a runed translucent gate.
  3100 | D:3      | Found a runed translucent gate.
  3101 | D:3      | Found a runed translucent gate.
  3103 | D:3      | Noticed mrw0lf's ghost (amateur HOFi)
  3103 | D:3      | Noticed bmj180's ghost (amateur GrEE)
  3103 | D:3      | Noticed MackTheKnife's ghost (amateur FoWn)
  3551 | D:5      | Reached XP level 7. HP: 48/48 MP: 7/7
  3629 | D:5      | Found a snail-covered altar of Cheibriados.
  3641 | D:5      | Became a worshipper of Cheibriados the Contemplative
  3691 | D:5      | Found a staircase to the Ecumenical Temple.
  4034 | D:5      | Reached skill level 1 in Evocations
  4176 | D:5      | Found a shimmering altar of Xom.
  4176 | D:5      | Found a shimmering altar of Xom.
  4177 | D:5      | Found a shimmering altar of Xom.
  4312 | D:5      | Reached skill level 5 in Fighting
  4553 | D:5      | Reached XP level 8. HP: 12/57 MP: 8/8
  4743 | D:6      | Reached skill level 6 in Fighting
  4748 | D:6      | Reached skill level 1 in Long Blades
  4782 | D:6      | Identified a scroll of acquirement
  4873 | D:6      | Reached * piety under Cheibriados
  5204 | D:6      | Identified the ring of the Morning {*Slow rPois Str+3
                  | Dex+6}
  5244 | D:6      | Found an ancient bone altar of Kikubaaqudgha.
  5248 | D:6      | Found a glowing golden altar of the Shining One.
  5255 | D:6      | Found a sacrificial altar of Ru.
  5258 | D:6      | Found a radiant altar of Vehumet.
  5261 | D:6      | Found a hide-covered altar of Uskayaw.
  5265 | D:6      | Found a bloodstained altar of Trog.
  5413 | D:6      | Reached skill level 5 in Long Blades
  5604 | D:7      | Acquired a +1 double sword of pain
  5682 | D:7      | Reached skill level 1 in Invocations
  5682 | D:7      | Reached XP level 9. HP: 62/62 MP: 8/10
  5727 | D:7      | Found a burning altar of Makhleb.
  5866 | D:7      | Found an opulent altar of Gozag.
  5866 | D:7      | Found a shimmering blue altar of Sif Muna.
  5867 | D:7      | Reached ** piety under Cheibriados
  6226 | D:7      | Reached skill level 1 in Shields
  6325 | D:8      | Noticed a troll
  6332 | D:8      | Killed a troll
  7048 | D:8      | Reached XP level 10. HP: 69/69 MP: 13/13
  7050 | D:8      | Reached *** piety under Cheibriados
  7105 | D:8      | Found a broken altar of Ashenzari.
  7882 | D:9      | Found Luos's Antique Weapon Emporium.
  8003 | D:9      | Reached skill level 5 in Invocations
  8003 | D:9      | Reached skill level 5 in Evocations
  8063 | D:9      | Noticed a molten gargoyle
  8324 | D:9      | Reached **** piety under Cheibriados
  8333 | D:9      | Reached skill level 7 in Fighting
  8429 | D:9      | Found a staircase to the Lair.
  8553 | D:10     | Entered Level 10 of the Dungeon
  8662 | D:10     | Found a runed translucent door.
  8706 | D:10     | Noticed a two-headed ogre
  8932 | D:10     | Noticed Fannar
  9090 | D:10     | Found a staircase to the Orcish Mines.
  9092 | D:10     | Noticed a deep elf pyromancer
  9132 | D:10     | Noticed a tengu warrior
  9187 | D:10     | Killed Fannar
  9456 | D:10     | Found a runed translucent door.
  9456 | D:10     | Noticed a brown ugly thing
  9457 | D:10     | Noticed a manticore
  9458 | D:10     | Found a runed translucent door.
  9458 | D:10     | Noticed a tengu warrior
  9458 | D:10     | Noticed a salamander
  9458 | D:10     | Noticed a deep elf pyromancer
  9458 | D:10     | Noticed a manticore
  9461 | D:10     | a salamander changed into a raiju
  9467 | D:10     | Noticed a death knight
  9467 | D:10     | Noticed a cyclops
  9479 | D:10     | Noticed a centaur warrior
  9636 | D:11     | Noticed Snorg
  9696 | D:11     | Noticed a gargoyle
  9704 | D:11     | Killed a gargoyle
  9705 | D:11     | Reached XP level 11. HP: 75/75 MP: 14/14
  9865 | D:11     | Noticed a cyclops
 10023 | D:11     | Killed a cyclops
 10093 | D:11     | Reached skill level 10 in Dodging
 10093 | D:11     | Noticed a two-headed ogre
 10246 | D:11     | Reached skill level 8 in Fighting
 10260 | D:11     | Noticed a green ugly thing
 10286 | D:11     | Noticed an orc knight
 10298 | D:11     | Killed an orc knight
 10321 | D:11     | Killed a green ugly thing
 10461 | D:11     | Noticed a centaur warrior
 10467 | D:11     | Killed a centaur warrior
 10675 | D:11     | Reached skill level 9 in Fighting
 11205 | D:11     | Killed a two-headed ogre
 11206 | D:11     | Reached skill level 10 in Fighting
 11226 | D:11     | Noticed a cyclops
 11230 | D:11     | Killed a cyclops
 11262 | D:11     | Killed Snorg
 11385 | Lair:1   | Entered Level 1 of the Lair of Beasts
 11393 | Lair:1   | Reached XP level 12. HP: 85/87 MP: 17/17
 11960 | Lair:1   | Noticed Urug
 11964 | Lair:1   | Noticed an eight-headed hydra
 11967 | Lair:1   | Killed Urug
 11970 | Lair:1   | Killed a nine-headed hydra
 12184 | Lair:2   | Reached ***** piety under Cheibriados
 12204 | Lair:2   | Found a staircase to the Swamp.
 12215 | Lair:2   | Reached skill level 10 in Long Blades
 12260 | Lair:2   | Noticed Erica
 12274 | Lair:2   | Killed Erica
 12476 | Lair:2   | Found a staircase to the Snake Pit.
 12484 | Lair:2   | Reached skill level 5 in Shields
 12615 | Lair:2   | Found a runed translucent door.
 12618 | Lair:2   | Noticed Qeegir's ghost (journeyman HOFi)
 12630 | Lair:2   | Noticed Gastronok
 12651 | Lair:2   | Killed Gastronok
 13241 | Lair:3   | Identified the ring "Vafew" {rPois rC+ rN+ Int-4}
 13430 | Lair:3   | Found a dark tunnel.
 13437 | Volcano  | Entered a volcano
 13896 | Volcano  | Noticed a two-headed ogre
 13911 | Volcano  | Reached XP level 13. HP: 92/92 MP: 19/19
 14230 | Volcano  | Noticed a fire dragon
 14240 | Volcano  | Killed a fire dragon
 15017 | Lair:4   | Noticed Kirke
 15033 | Lair:4   | Killed Kirke
 15364 | Lair:4   | Reached skill level 10 in Shields
 15456 | Lair:4   | Noticed Josephine
 15463 | Lair:4   | Killed Josephine
 15902 | Lair:5   | Entered Level 5 of the Lair of Beasts
 16104 | Lair:5   | Identified the +7 spear of Freehold {flame, MP+9 Int+6}
 16120 | Lair:5   | Reached XP level 14. HP: 99/99 MP: 20/20
 16237 | Lair:5   | Reached skill level 10 in Invocations
 16540 | Lair:5   | Reached ****** piety under Cheibriados
 16772 | Lair:5   | Found a staircase to the Slime Pits.
 16774 | Lair:5   | Found a viscous altar of Jiyva.
 17592 | Lair:5   | Identified the +0 chain mail of the Realm of Zot {rElec
                  | Regen+ rCorr}
 18332 | D:10     | Identified the +5 sling of Iniag {heavy, Contam Str+4}
 18356 | D:10     | Reached skill level 11 in Fighting
 18576 | D:10     | Reached XP level 15. HP: 96/106 MP: 23/23
 18652 | D:10     | Noticed a ghost moth
 18669 | D:10     | Killed a ghost moth
 19242 | D:10     | Found a staircase to the Orcish Mines.
 19799 | D:12     | Found Reonygg's Overcharged Wands.
 20181 | D:13     | Noticed Frances
 20189 | D:13     | Killed Frances
 20613 | D:13     | Found a gate to the Vaults.
 20651 | D:13     | Reached skill level 12 in Fighting
 21877 | D:15     | Entered Level 15 of the Dungeon
 22230 | D:15     | Reached XP level 16. HP: 76/114 MP: 24/24
 22460 | D:15     | Identified the +6 plate armour "Pimalion" {Str+4 Int+3
                  | Dex-4}
 22647 | D:15     | Found a staircase to the Depths.
 23113 | Orc:1    | Entered Level 1 of the Orcish Mines
 23113 | Orc:1    | Found Citif's Jewellery Shoppe.
 23140 | Orc:1    | Found Kopp's General Store.
 23180 | Orc:1    | Reached skill level 13 in Fighting
 23254 | Orc:2    | Entered Level 2 of the Orcish Mines
 23327 | Orc:1    | Found Uvoin's Antique Weapon Emporium.
 23525 | Orc:1    | Found Qofuew's Magic Scroll Boutique.
 23537 | Orc:1    | Bought a scroll of magic mapping for 82 gold pieces
 23932 | Orc:2    | Found Raosiace's Antique Armour Boutique.
 23933 | Orc:2    | Found Qydghemn's Book Shop.
 24083 | Orc:2    | Found a staircase to the Elven Halls.
 24084 | Orc:2    | Found Voideil's Distillery.
 24113 | Orc:2    | Found Pilyziew's Armour Shop.
 24127 | Orc:2    | Bought a potion of cancellation for 120 gold pieces
 24439 | Orc:2    | Bought a jewelled kite shield for 190 gold pieces
 24439 | Orc:2    | Identified the +1 kite shield of the Cockroach {rPois
                  | rCorr} (You bought it in a shop on level 2 of the Orcish
                  | Mines)
 24542 | Orc:2    | Upgraded the game from 0.30-a0-719-gcc4359ea44 to
                  | 0.30-a0-721-ga6a225cb13
 24672 | Snake:1  | Entered Level 1 of the Snake Pit
 24678 | Snake:1  | Reached skill level 14 in Fighting
 24891 | Snake:1  | Reached skill level 15 in Long Blades
 24958 | Snake:1  | Found Tagil's Book Boutique.
 24958 | Snake:1  | Found Elitin's Jewellery Emporium.
 24959 | Snake:1  | Found Moim's Book Boutique.
 24975 | Snake:1  | Bought a book of Transfigurations for 600 gold pieces
 24981 | Snake:1  | Learned a level 5 spell: Irradiate
 25043 | Snake:1  | Reached skill level 1 in Conjurations
 25043 | Snake:1  | Reached skill level 1 in Transmutations
 25066 | Snake:1  | Reached XP level 17. HP: 79/125 MP: 12/25
 25082 | Snake:1  | Reached skill level 1 in Spellcasting
 25213 | Snake:1  | Identified the ring of Uskayaw's Condemnation {rF++ Int+6
                  | Slay+2}
 25259 | Snake:1  | You fall into a shaft and drop 1 floor!
 27173 | Snake:3  | Found a glowing golden altar of the Shining One.
 27612 | Snake:3  | Found Ikonoduke's Distillery.
 27615 | Snake:3  | Found Inerest's Antique Armour Shoppe.
 27617 | Snake:3  | Found Mosm's Antique Armour Emporium.
 27621 | Snake:3  | Bought a potion of heal wounds for 105 gold pieces
 28100 | Snake:4  | Entered Level 4 of the Snake Pit
 28116 | Snake:4  | Reached skill level 5 in Conjurations
 28116 | Snake:4  | Reached skill level 5 in Transmutations
 29233 | Snake:4  | Reached XP level 18. HP: 125/133 MP: 26/26
 29339 | Snake:4  | Got a serpentine rune of Zot
 29647 | Swamp:1  | Entered Level 1 of the Swamp
 29665 | Swamp:1  | Found a frozen archway.
 29684 | Swamp:1  | Reached skill level 15 in Fighting
 29720 | IceCv    | Entered an ice cave
 29912 | IceCv    | Noticed an Ice Fiend
 29913 | IceCv    | Noticed an Ice Fiend
 29946 | IceCv    | Reached skill level 5 in Spellcasting
 30165 | IceCv    | Killed an Ice Fiend
 30171 | IceCv    | Killed an Ice Fiend
 30468 | Swamp:1  | Noticed Louise
 30478 | Swamp:1  | Killed Louise
 30686 | Swamp:1  | Acquired 896 gold pieces
 30927 | Swamp:2  | Reached skill level 16 in Fighting
 31757 | Swamp:3  | Noticed Tuenlyrph's ghost (adept SpEn)
 31757 | Swamp:3  | Found a runed translucent door.
 31757 | Swamp:3  | Found a shimmering altar of Xom.
 31859 | Swamp:3  | Identified the +4 mace of the Healing Spider {flame, rC+
                  | rCorr Int+3}
 32234 | Swamp:4  | Entered Level 4 of the Swamp
 32303 | Swamp:4  | Reached XP level 19. HP: 87/141 MP: 22/27
 32764 | Swamp:4  | Got a decaying rune of Zot
 32911 | Swamp:4  | Reached skill level 10 in Conjurations
 32915 | Swamp:4  | Reached skill level 10 in Transmutations
 33430 | Swamp:4  | Noticed a tentacled monstrosity
 33438 | Swamp:4  | Killed a tentacled monstrosity
 33797 | Vaults:1 | Entered Level 1 of the Vaults
 34059 | Vaults:1 | Found Reasim's Antique Weapon Emporium.
 34226 | Vaults:1 | Reached skill level 15 in Dodging
 34226 | Vaults:1 | Reached skill level 15 in Shields
 34819 | Vaults:1 | Paralysed by a great orb of eyes for 5 turns
 34838 | Vaults:1 | Learned a level 2 spell: Blink
 34911 | Vaults:1 | Reached skill level 1 in Translocations
 35244 | Vaults:1 | Reached XP level 20. HP: 143/147 MP: 28/28
 35636 | Vaults:2 | Found a staircase to the Crypt.
 35769 | Vaults:2 | Gained mutation: You are frail. (-10% HP) [mutagenic glow]
 36012 | Vaults:2 | Identified the ring "Teul" {Fire Dex+2}
 36413 | Vaults:2 | Reached skill level 5 in Translocations
 36414 | Vaults:2 | Reached skill level 10 in Evocations
 36821 | Vaults:2 | Lost mutation: You are frail. (-10% HP) [potion of
                  | mutation]
 36821 | Vaults:2 | Gained mutation: Your flesh is cold resistant. (rC+)
                  | [potion of mutation]
 36821 | Vaults:2 | Gained mutation: You sometimes lose your temper in combat.
                  | [potion of mutation]
 36821 | Vaults:2 | Gained mutation: You are partially covered in iridescent
                  | scales. (AC +2) [potion of mutation]
 36822 | Vaults:2 | Lost mutation: You sometimes lose your temper in combat.
                  | [potion of mutation]
 36822 | Vaults:2 | Lost mutation: You are partially covered in iridescent
                  | scales. (AC +2) [potion of mutation]
 36822 | Vaults:2 | Gained mutation: One of your tentacles bears a spike.
                  | [potion of mutation]
 37020 | Vaults:3 | Noticed Jory
 37032 | Vaults:3 | Killed Jory
 37075 | Vaults:3 | Noticed Bai Suzhen
 37096 | Vaults:3 | Killed Bai Suzhen
 37103 | Vaults:3 | Noticed Uquewn Suowu's ghost (veteran GnWr)
 37107 | Vaults:3 | Found a transporter.
 37108 | Vaults:3 | Noticed initializr's ghost (adept DjCj)
 37117 | Vaults:3 | Found a transporter.
 37123 | Vaults:3 | Noticed Poyn's ghost (adept DEVM)
 37392 | Vaults:3 | Found Tackoat's Weapon Shop.
 37701 | Vaults:3 | Reached XP level 21. HP: 145/153 MP: 31/31
 39093 | Vaults:4 | Found Hagg's Antique Weapon Emporium.
 39438 | Depths:1 | Entered Level 1 of the Depths
 39529 | Depths:1 | Gained mutation: You occasionally shout uncontrollably at
                  | your foes. [a neqoxec]
 39539 | Depths:1 | Found a one-way gate leading to the halls of Pandemonium.
 39900 | Depths:1 | Identified the +1 triple sword of Cruel Justice {flame,
                  | rElec}
 40033 | Depths:1 | Found Gutys's Jewellery Boutique.
 40041 | Depths:1 | Found Uxkyg's Armour Shop.
 40066 | Depths:1 | You fall into a shaft and drop 1 floor!
 40286 | Depths:2 | Reached skill level 17 in Fighting
 40299 | Depths:2 | Noticed a juggernaut
 40301 | Depths:2 | Noticed a golden dragon
 40414 | Depths:1 | Found a gateway to Hell.
 40429 | Depths:1 | Found a portal to a secret trove of treasure.
 41548 | Depths:1 | You paid a toll of 7 potions of haste to enter a treasure
                  | trove
 41549 | Trove    | Entered a treasure trove
 41549 | Trove    | Found the +13 scythe of Curses {drain, curses, Drain}
 41555 | Trove    | Identified the +2 hat "Apydich" {rCorr Str-4 Dex+4}
 41559 | Trove    | Got the Catalogue of the Tesseract and Vitiation
 41568 | Trove    | Identified the ring of Skepticism {rElec rPois Slay+3}
 41574 | Trove    | Identified the ring of Laent {rC+ Str+3 Dex+3}
 41577 | Trove    | Identified the +1 morningstar "Summica" {heavy, Int+8}
 41592 | Trove    | Got Coroq's Grimoire of Combined Shifting
 41595 | Trove    | Got the Codex of Graupel and Ashes
 41605 | Trove    | Identified the ring of the Heavens {Fly rCorr Dex+4 Stlth+}
 41608 | Trove    | Identified the ring of Qyt Fiy {Fire Dex+5}
 41706 | Depths:2 | Killed a juggernaut
 41835 | Depths:2 | Reached XP level 22. HP: 161/163 MP: 32/32
 41852 | Depths:2 | Found Nith's Weapon Shop.
 42066 | Depths:2 | Killed a golden dragon
 42309 | Depths:2 | Found a one-way gate to the infinite horrors of the Abyss.
 42481 | Depths:2 | Reached skill level 18 in Fighting
 42495 | Depths:2 | Reached skill level 10 in Translocations
 42685 | Depths:2 | Found Numal's Magic Scroll Boutique.
 42694 | Depths:2 | Bought a scroll of enchant armour for 165 gold pieces
 42953 | Depths:3 | Learned a level 4 spell: Manifold Assault
 43563 | Depths:3 | Reached skill level 19 in Fighting
 43719 | Depths:3 | Noticed a caustic shrike
 43727 | Depths:3 | Killed a caustic shrike
 43736 | Depths:3 | Noticed a golden dragon
 43754 | Depths:3 | Noticed a golden dragon
 43759 | Depths:3 | Killed a golden dragon
 43764 | Depths:3 | Killed a golden dragon
 44075 | Depths:3 | Noticed a golden dragon
 44081 | Depths:3 | Killed a golden dragon
 44082 | Depths:3 | Reached skill level 20 in Fighting
 44212 | Depths:3 | Reached XP level 23. HP: 148/176 MP: 33/33
 44282 | Depths:3 | Found a one-way gateway to a ziggurat.
 44466 | Depths:3 | Found a gateway to a bazaar.
 44626 | Bazaar   | Entered a bazaar
 44626 | Bazaar   | Found Herghah's Antique Weapon Shop.
 44636 | Bazaar   | Found Qosy's General Store.
 44652 | Bazaar   | Found Wuim's Book Emporium.
 44663 | Bazaar   | Found Hoduwk's Magic Scroll Boutique.
 44671 | Bazaar   | Bought a scroll of enchant weapon for 67 gold pieces
 44671 | Bazaar   | Found Baesomog's Antique Armour Boutique.
 44692 | Bazaar   | Bought Maxwell's Memoranda for 418 gold pieces
 44696 | Bazaar   | Learned a level 3 spell: Vhi's Electric Charge
 44719 | Bazaar   | Bought a potion of ambrosia for 96 gold pieces
 44734 | Depths:4 | Entered Level 4 of the Depths
 44838 | Depths:4 | Reached skill level 1 in Air Magic
 45618 | Depths:4 | Found Ostar's Serpentskin Sales.
 45779 | Depths:4 | Found a gate to the Realm of Zot.
 46345 | Vaults:5 | Entered Level 5 of the Vaults
 46359 | Vaults:5 | Reached skill level 5 in Air Magic
 46883 | Vaults:5 | Noticed a golden dragon
 46891 | Vaults:5 | Killed a golden dragon
 47101 | Vaults:5 | Identified the amulet "Myggecocw" {Faith -Tele rC+ Will++
                  | Regen+}
 47324 | Vaults:5 | Noticed a golden dragon
 47330 | Vaults:5 | Killed a golden dragon
 47364 | Vaults:5 | Found the +0 staff of Battle
 47366 | Vaults:5 | Reached XP level 24. HP: 158/183 MP: 10/36
 47411 | Vaults:5 | Identified the ring "Joidecib" {Fly rC- Will- rCorr Int+5}
 47445 | Vaults:5 | Got a silver rune of Zot
 47502 | Vaults:5 | Reached skill level 10 in Spellcasting
 47760 | Vaults:5 | Gained mutation: You have hidden genetic defects.
                  | [mutagenic glow]
 48842 | Zot:1    | Entered Level 1 of the Realm of Zot
 48849 | Zot:1    | Noticed an orb of fire
 49012 | Zot:1    | Gained mutation: You are frail. (-10% HP) [an orb of fire]
 49019 | Zot:1    | Gained mutation: You are very frail. (-20% HP) [an orb of
                  | fire]
 49024 | Zot:1    | Killed an orb of fire
 49053 | Zot:1    | Gained mutation: You are clumsy. (Dex -2) [hidden defects]
 49227 | Depths:4 | Lost mutation: One of your tentacles bears a spike. [potion
                  | of mutation]
 49227 | Depths:4 | Lost mutation: You are clumsy. (Dex -2) [potion of
                  | mutation]
 49227 | Depths:4 | Lost mutation: You occasionally shout uncontrollably at
                  | your foes. [potion of mutation]
 49227 | Depths:4 | Gained mutation: You possess an exceptional clarity of
                  | mind. [potion of mutation]
 49228 | Depths:4 | Lost mutation: You have hidden genetic defects. [potion of
                  | mutation]
 49228 | Depths:4 | Lost mutation: Your flesh is cold resistant. (rC+) [potion
                  | of mutation]
 49228 | Depths:4 | Gained mutation: One of your tentacles bears a spike.
                  | [potion of mutation]
 49228 | Depths:4 | Gained mutation: Your spells are a little harder to cast,
                  | but a little more powerful. [potion of mutation]
 49229 | Depths:4 | Lost mutation: Your spells are a little harder to cast, but
                  | a little more powerful. [potion of mutation]
 49229 | Depths:4 | Lost mutation: You are very frail. (-20% HP) [potion of
                  | mutation]
 49229 | Depths:4 | Lost mutation: You are frail. (-10% HP) [potion of
                  | mutation]
 49229 | Depths:4 | Gained mutation: Your magical capacity is low. (-10% MP)
                  | [potion of mutation]
 49229 | Depths:4 | Gained mutation: Your muscles are strong. (Str +4, Int/Dex
                  | -1) [potion of mutation]
 49485 | Zot:1    | Found a huge runed gate.
 49485 | Zot:1    | Found a huge runed gate.
 49485 | Zot:1    | Found a huge runed gate.
 49485 | Zot:1    | Found a huge runed gate.
 49485 | Zot:1    | Found a huge runed gate.
 49485 | Zot:1    | Found a huge runed gate.
 49485 | Zot:1    | Found a huge runed gate.
 49485 | Zot:1    | Found a huge runed gate.
 49486 | Zot:1    | Found a huge runed gate.
 49486 | Zot:1    | Found a huge runed gate.
 49495 | Zot:1    | Found a huge runed gate.
 49495 | Zot:1    | Found a huge runed gate.
 49495 | Zot:1    | Found a huge runed gate.
 49495 | Zot:1    | Found a huge runed gate.
 49495 | Zot:1    | Found a huge runed gate.
 49495 | Zot:1    | Found a huge runed gate.
 49496 | Zot:1    | Found a huge runed gate.
 49497 | Zot:1    | Found a huge runed gate.
 49498 | Zot:1    | Found a huge runed gate.
 49504 | Zot:1    | Noticed an orb of fire
 49522 | Zot:1    | Killed an orb of fire
 49523 | Zot:1    | Reached skill level 21 in Fighting
 49867 | Zot:1    | Found a radiant altar of Vehumet.
 49926 | Zot:1    | Found a huge runed gate.
 49926 | Zot:1    | Found a huge runed gate.
 49926 | Zot:1    | Found a huge runed gate.
 49926 | Zot:1    | Found a huge runed gate.
 49926 | Zot:1    | Found a huge runed gate.
 49926 | Zot:1    | Found a huge runed gate.
 49926 | Zot:1    | Found a huge runed gate.
 49926 | Zot:1    | Found a huge runed gate.
 49926 | Zot:1    | Found a huge runed gate.
 50022 | Zot:1    | Found a huge runed gate.
 50022 | Zot:1    | Found a huge runed gate.
 50022 | Zot:1    | Found a huge runed gate.
 50022 | Zot:1    | Found a huge runed gate.
 50023 | Zot:1    | Found a huge runed gate.
 50024 | Zot:1    | Found a huge runed gate.
 50025 | Zot:1    | Found a huge runed gate.
 50026 | Zot:1    | Found a huge runed gate.
 50405 | Zot:3    | Noticed an orb of fire
 50411 | Zot:3    | Gained mutation: You occasionally lose the ability to drink
                  | potions when taking damage. [an orb of fire]
 50416 | Zot:3    | Gained mutation: You are robust. (+10% HP) [an orb of fire]
 50417 | Zot:3    | Gained mutation: You do not regenerate when monsters are
                  | visible. [an orb of fire]
 50420 | Zot:3    | Killed an orb of fire
 50421 | Zot:3    | Reached XP level 25. HP: 126/213 MP: 2/34
 50424 | Zot:3    | Reached skill level 22 in Fighting
 50551 | Zot:3    | Noticed Vv
 50560 | Zot:3    | Killed Vv
 50891 | Zot:4    | Identified the +8 mace of Dyeresof {flame, Int+6 Dex+3}
 50900 | Zot:4    | Identified the +7 triple sword "Heleo" {freeze, *Rage *Slow
                  | rElec rCorr}
 51144 | Zot:4    | Reached skill level 23 in Fighting
 51922 | Zot:3    | You fall into a shaft and drop 1 floor!
 52252 | Zot:3    | Reached skill level 24 in Fighting
 52543 | Zot:3    | Noticed an ancient lich
 52553 | Zot:3    | Killed an ancient lich
 52623 | Zot:3    | Found a stormy altar of Qazlal.
 52643 | Zot:3    | Identified the +0 longbow "Murmur" {speed, rF+ rCorr}
 54100 | Zot:2    | Reached XP level 26. HP: 79/227 MP: 8/34
 54534 | Zot:2    | Reached skill level 15 in Evocations
 55382 | Zot:5    | Entered Level 5 of the Realm of Zot
 55572 | Zot:5    | Noticed a Killer Klown
 55578 | Zot:5    | Killed a Killer Klown
 56846 | Zot:5    | Noticed a Killer Klown
 56849 | Zot:5    | Killed a Killer Klown
 56851 | Zot:5    | Noticed a dread lich
 56855 | Zot:5    | Killed a dread lich
 57078 | Zot:5    | Noticed an orb of fire
 57079 | Zot:5    | Gained mutation: You have hidden genetic defects. [an orb
                  | of fire]
 57086 | Zot:5    | Killed an orb of fire
 57310 | Zot:5    | Noticed an orb of fire
 57320 | Zot:5    | Lost mutation: You are robust. (+10% HP) [an orb of fire]
 57321 | Zot:5    | Killed an orb of fire
 57429 | Zot:5    | Lost mutation: You possess an exceptional clarity of mind.
                  | [potion of mutation]
 57429 | Zot:5    | Lost mutation: You do not regenerate when monsters are
                  | visible. [potion of mutation]
 57429 | Zot:5    | Gained mutation: You are partially covered in iridescent
                  | scales. (AC +2) [potion of mutation]
 57429 | Zot:5    | Gained mutation: You are mostly covered in iridescent
                  | scales. (AC +4) [potion of mutation]
 57798 | Zot:5    | Gained mutation: You are dopey. (Int -2) [hidden defects]
 58401 | Snake:1  | Bought Sif Muna's Tome of Hyperbolic Fire for 480 gold
                  | pieces
 58403 | Snake:1  | Learned a level 1 spell: Apportation
 58946 | Zot:5    | Got the Orb of Zot
 59515 | D:1      | Noticed Xeag the pandemonium lord
 59521 | D:1      | gg
 59522 | D:$      | Escaped with the Orb!

Illustrated notes

.##.#.##.....#...................
.##.#........#....####.#.#.......
###.#.............# #.#...^.....
#.................# #.#.........
....##............####.#.........
#.#.####.4..........##.#.........
....####..X..#...##..............
#.#.......#..#.#'##..#.#.###.##..
#...####..#..#.#@##..#.#.# #.####
#.#............#'##..#.#.###.# #
#.#..(..#.#....&..........##.#
>.......#.#..######..#.....#.##
#.#.....#.#..######...........###
..............................#..
#.#.......#...........#.......#..
#..#.........######...#.......#..
#..#..........#####...###........


Turn 59521 on D:1: gg

Levels and vault maps discovered:
D:1:      dpeg_arrival_tiny_b, layout_basic, minmay_heptomino_o4
D:2:      layout_rooms
D:3:      layout_basic, old_standard_altar, gammafunk_ghost_cemetery, uniq_ijyb
D:4:      layout_rooms, gammafunk_ghost_smash
D:5:      layout_loops_corners, xom_redecorated, slow_altar_1,
          minmay_temple_entry_tees, serial_shops, nicolae_shop_waterfront,
          hangedman_abyss_or_decor_slice, minmay_misc_feat_square
D:6:      layout_gridville, nicolae_overflow_hallway_of_the_gods
D:7:      layout_basic, bloody_makhleb, amethyst_overflow_temple_binary
D:8:      layout_layer_cave, evilmike_ruin_ashenzari, dk_noncrumbling_2
D:9:      layout_rooms, david_lair_shrubbed, serial_shops,
          nicolae_shop_hallway_plus, hangedman_decor_lopped, minivault_8
D:10:     minmay_the_grid_triangle_9x9_recursive_2
          [minmay_the_grid_triangle_9x9_prize_center,
          minmay_the_grid_triangle_9x9_warning,
          minmay_the_grid_triangle_9x9_cache,
          minmay_the_grid_triangle_9x9_fully_insulated_deathbox],
          layout_stronghold, orc_0_dummy, uniq_fannar
D:11:     layout_stronghold, minmay_shattered_shrine, uniq_snorg
D:12:     layout_cave_pools, serial_column_ruins, column_ruins_hut_ruined,
          column_ruins_open_tiny, column_ruins_open_tiny,
          column_ruins_corridor_corner, column_ruins_open_tiny,
          column_ruins_open_tiny, nicolae_shop_overcharged_wands
D:13:     layout_loops_cross, hangedman_vaults_entry_quadrant_bands,
          uniq_frances
D:14:     layout_loops_ring, nicolae_water_bricks
D:15:     grunt_enter_depths_giant_problem, layout_cave_pools,
          roderic_lattice_a, einodemon_barbed_minivault
Lair:1:   layout_cave_pods, chequers_serial_rivers_room_b, uniq_urug
Lair:2:   layout_roguey, swamp_mist, guppyfry_snake_entry_island,
          gammafunk_ghost_grave, uniq_erica, uniq_gastronok
Lair:3:   layout_roguey, enter_volcano_2, pond, grunt_megastairs_3,
          infiniplex_staircase_pool_2, lemuel_fruit_tree
Lair:4:   minmay_lair_venomous_thicket, layout_big_grid, serial_bayou_shore_a,
          uniq_kirke, uniq_josephine
Lair:5:   hangedman_lair_caniforms_friends, layout_long_grid,
          nicolae_slime_entry_slimehenge
Swamp:1:  layout_basic_swamp, portal_ice_cave_entry_ugly_swarm,
          nicolae_swamp_fairy_circle, swamp_pool4, uniq_louise
Swamp:2:  layout_basic_swamp, nicolae_swamp_treefoil, swamp_pool1,
          nicolae_swamp_feature_on_the_river_bank
Swamp:3:  layout_basic_swamp, ebering_ghost_xom, evilmike_swamp_ruin_house_5
Swamp:4:  swamp_alternative, layout_basic_swamp, swamp_pool1
Snake:1:  layout_cave_shapes, minmay_shop_grove
Snake:2:  layout_concentric_octagons
Snake:3:  nicolae_snake_nest, layout_onion_interference, basic_altar,
          nicolae_snake_shapes, minmay_shop_star
Snake:4:  snake_pit, layout_basic, drop_trap, grunt_megastairs_5
Orc:1:    layout_caves, basic_altar, serial_shops, nicolae_shop_hallway_stairs,
          shop, shop, nicolae_shop_behind_doors, minmay_orc_keep
Orc:2:    st_orc_open, layout_caves
Vaults:1: vaults_standard_mumra_enter_the_diamond, hangedman_vaults_snaps,
          hangedman_vaults_stream, v_alt_pattern_6, v_pattern_3, v_misc_13,
          hangedman_vaults_nails, vaults_dpeg_cross,
          nicolae_vaults_circle_grid_b, v_misc_8, nicolae_vaults_gold_heap,
          vaults_room_guarded_vault, nicolae_vaults_little_ls, serial_ice_b,
          layout_vaults_omnibox, serial_shops, nicolae_shop_advertising_works
          [nicolae_subvault_shop_adworks]
Vaults:2: v_alt_pattern_4, minmay_crypt_entry_skeletal_spiral,
          nicolae_vaults_asterisk, vaults_room_door_ring,
          ontoclasm_vaults_ring_small, nicolae_vaults_little_squares_6,
          nicolae_vaults_little_squares_3,
          vaults_standard_mumra_enter_the_diamond, nicolae_vaults_specimen_jars,
          v_misc_4, layout_vaults_omnicross
Vaults:3: nzn_ghost_randoct, v_misc_10, serial_ice_g, vaults_room_door_ring,
          vaults_mumra_hexcomb, vaults_room_fours, layout_vaults_omnigrid,
          serial_shops, shop, uniq_jory, uniq_bai_suzhen
Vaults:4: vaults_room_fancy_cross, vaults_mumra_lcd, hangedman_vaults_nails,
          v_alt_pattern_3, nicolae_vaults_what_the_h,
          nicolae_vaults_network_quinsquares
          [nicolae_vaults_network_quincunx_subvault,
          nicolae_vaults_network_quincunx_subvault,
          nicolae_vaults_network_quincunx_subvault,
          nicolae_vaults_network_quincunx_subvault], vaults_dpeg_ring,
          v_misc_29, vaults_room_pools, ontoclasm_vaults_hangar,
          layout_vaults_ring, serial_shops, shop
Vaults:5: serial_shops
Depths:1: layout_gridlike, enter_trove_2, grunt_pan_entry_zigzag, hell_entry,
          kennysheep_generic_room_10, minmay_shoptagon
Depths:2: minmay_diamond_stairs, layout_honeycomb, hell_entry,
          abyss_entry_small_statue_room, pan_entry, serial_shops,
          nicolae_shop_bloodbath_and_beyond, nicolae_lakefront_shop,
          infiniplex_staircase_pillars_1, firewood_loft
Depths:3: nooodl_heptagram, layout_small_grid, enter_ziggurat_b, pan_entry,
          serial_shops, bzr_entry_dummy, abyss_entry, grunt_mini_vestibule
Depths:4: grunt_zot_entry_pinwheel, layout_small_grid,
          hangedman_abyss_or_decor_clamps, hell_entry, guppyfry_shop_venom
Zot:1:    layout_misc_corridors, basic_altar, door_vault
Zot:2:    layout_gridlike
Zot:3:    regret_index_qazlal_generations, layout_misc_corridors, uniq_vv
Zot:4:    kennysheep_spiral_hall, layout_misc_corridors
Zot:5:    layout_gridlike, grunt_megastairs_2

Skill      XL: |  1  2  3  4  5  6  7  8  9 10 11 12 13 14 15 16 17 18 19 20 21 22 23 24 25 26 |
---------------+-------------------------------------------------------------------------------+-----
Dodging        | 3 4 5 7 8 9 10 11 12 14 15 16 18 19 20 | 20.2
Fighting       | 4 5 6 7 10 11 12 14 16 17 20 21 24 | 24.1
Evocations     | 3 4 5 8 10 12 14 20 | 20.0
Long Blades    | 5 7 8 9 11 12 13 15 | 15.9
Invocations    | 1 4 5 7 8 9 11 12 | 12.0
Shields        | 2 4 7 10 11 13 14 15 | 15.0
Conjurations   | 1 6 9 10 | 10.0
Transmutations | 1 6 9 10 | 10.0
Spellcasting   | 3 5 7 9 11 | 11.0
Translocations | 2 6 8 11 | 11.0
Air Magic      | 7 |  7.0
Short Blades   | |  2.0
Stealth        | |  6.6

Action                     |  1- 3 |  4- 6 |  7- 9 | 10-12 | 13-15 | 16-18 | 19-21 | 22-24 | 25-27 || total
---------------------------+-------+-------+-------+-------+-------+-------+-------+-------+-------++-------
  Melee: Short sword       |    14 |   180 |     8 |       |       |       |       |       |       ||   202
         Constrict         |     4 |    36 |    44 |    61 |   138 |   113 |   133 |    93 |   101 ||   723
         Punch             |     1 |     2 |     5 |     1 |    14 |    18 |    32 |    15 |    16 ||   104
         Tentacles         |     5 |    37 |    54 |    81 |   280 |   330 |   447 |   262 |   190 ||  1686
         Long sword        |       |       |   130 |       |       |       |       |       |       ||   130
         Double sword      |       |       |    73 |   338 |   689 |   994 |  1149 |  1014 |   783 ||  5040
         Scimitar          |       |       |       |       |   145 |     7 |     4 |       |       ||   156
         Kick              |       |       |       |       |       |       |   322 |   420 |   298 ||  1040
  Throw: Throwing net      |       |     2 |       |       |       |       |       |       |       ||     2
   Cast: Irradiate         |       |       |       |       |       |       |     9 |    15 |     8 ||    32
         Manifold Assault  |       |       |       |       |       |       |       |   169 |   186 ||   355
         Vhi's Electric Ch |       |       |       |       |       |       |       |     7 |     1 ||     8
         Apportation       |       |       |       |       |       |       |       |       |     1 ||     1
 Invoke: Slouch            |       |       |       |     3 |    15 |    15 |     8 |     9 |     5 ||    55
         Temporal Distorti |       |       |       |       |     1 |     1 |       |       |       ||     2
         Step From Time    |       |       |       |       |       |     1 |     1 |     1 |     1 ||     4
  Evoke: Wand              |       |       |     1 |    19 |     3 |    13 |     3 |     3 |     1 ||    43
         Phantom mirror    |       |       |       |     1 |       |       |       |       |       ||     1
         Lightning rod     |       |       |       |       |     5 |       |       |       |       ||     5
         Condenser vane    |       |       |       |       |       |       |     3 |     3 |       ||     6
    Use: Scroll            |       |     6 |     8 |    10 |    11 |     8 |     1 |    14 |     2 ||    60
         Potion            |       |       |       |     6 |       |     3 |     3 |     8 |     1 ||    21
   Stab: Sleeping          |     1 |    28 |    18 |    18 |    20 |    39 |    19 |     8 |     1 ||   152
         Paralysed         |       |       |     7 |     2 |       |       |       |       |       ||     9
         Invisible         |       |       |       |     3 |     2 |     6 |       |       |     2 ||    13
         Distracted        |       |       |       |     2 |     6 |     6 |     5 |     9 |     1 ||    29
 Armour: Skin              |       |     8 |    48 |    38 |    86 |    97 |    75 |    39 |    23 ||   414
  Dodge: Dodged            |     9 |    74 |   188 |   280 |   611 |   670 |   822 |   694 |   494 ||  3842
  Block: Other             |       |     9 |    33 |       |       |       |       |       |       ||    42
         Buckler           |       |       |    38 |   191 |       |       |       |       |       ||   229
         Reflection        |       |       |       |     9 |    33 |   146 |    57 |    42 |    11 ||   298
         Kite shield       |       |       |       |    38 |    66 |       |       |       |       ||   104
         Tower shield      |       |       |       |       |  1277 |  1582 |  1768 |  1234 |   785 ||  6646

Table legend: (Time is in decaauts)
 A = Elapsed time spent in this place.
 B = Non-inter-level travel time spent in this place.
 C = Inter-level travel time spent in this place.
 D = Time resting spent in this place.
 E = Time spent auto-exploring this place.
 F = Levels seen in this place.
 G = Mean time per level.
                   A        B        C        D        E       F      G
               +--------+--------+--------+--------+--------+-----+--------+
         Total |  89375 |  77510 |  11865 |  15645 |  43760 |  48 | 1862.0 |
       Dungeon |  26452 |  21995 |   4457 |   3870 |  13824 |  15 | 1763.5 |
          Lair |   9563 |   7947 |   1616 |   1351 |   4440 |   5 | 1912.6 |
         Swamp |   5185 |   4901 |    284 |    973 |   2761 |   4 | 1296.2 |
     Snake Pit |   7653 |   6970 |    683 |   1382 |   3676 |   4 | 1913.2 |
  Orcish Mines |   2343 |   2198 |    145 |    278 |   1495 |   2 | 1171.5 |
        Vaults |  12085 |  11016 |   1069 |   1755 |   6700 |   5 | 2417.0 |
        Depths |  11007 |   8863 |   2144 |   1921 |   4846 |   4 | 2751.8 |
           Zot |  12557 |  11093 |   1464 |   3254 |   5389 |   5 | 2511.4 |
        Bazaar |    186 |    186 |      0 |      0 |    132 |   1 |  186.0 |
         Trove |    140 |    140 |      0 |      0 |      0 |   1 |  140.0 |
      Ice Cave |    947 |    947 |      0 |    297 |    173 |   1 |  947.0 |
       Volcano |   1250 |   1250 |      0 |    559 |    320 |   1 | 1250.0 |
               +--------+--------+--------+--------+--------+-----+--------+

Top non-repeatable levels by time:
    D:10: 4705 daAuts
   Zot:5: 3951 daAuts
   Zot:3: 3418 daAuts
Depths:2: 3102 daAuts
Depths:3: 3019 daAuts
    D:11: 2806 daAuts
Depths:4: 2611 daAuts
Vaults:2: 2570 daAuts
Vaults:5: 2533 daAuts
Vaults:4: 2376 daAuts
Vaults:3: 2364 daAuts
     D:8: 2353 daAuts
  Lair:5: 2300 daAuts
Depths:1: 2274 daAuts
 Snake:3: 2255 daAuts
